Map: Cyber Forest LE

Players

pHARM

  • Race: Zerg Zerg
  • League: Platinum
  • Spawn Location: 11:00

GuruGuju - Winner!

  • Race: Zerg Zerg
  • League: Platinum
  • Spawn Location: 5:00

VOD

Have the link to the VOD?

Description

Time

  • Played on: Aug. 12, 2019, 3:49 p.m.
  • Length: 10:33
Show
View Real Time Build Order
Export as new Build Order

pHARM Zerg 

Build Orders: Hatch First 

Get SALT Encoding   

  12  0:05  Drone  
  13  0:17  Overlord  
  13  0:25  Drone  
  14  0:35  Drone x2  
  16  0:46  Drone  
  17  0:58  Hatchery  
  16  1:05  Drone x2  
  18  1:19  Spawning Pool  
  18  1:22  Drone  
  18  1:24  Drone  
  19  1:37  Drone  
  20  1:45  Extractor  
  19  1:48  Drone  
  20  2:06  Zergling x2  
  20  2:07  Zergling x2  
  22  2:09  Queen  
  22  2:11  Zergling x2  
  27  2:16  Zergling x2  
  25  2:53  Hatchery  
  24  3:02  Overlord  
  24  3:20  Queen  
  26  3:29  Zergling x2, Baneling Nest  
  26  3:30  Zergling x4  
  27  4:09  Zergling x4  
  29  4:10  Overlord x3  
  29  4:18  Hatchery, Baneling  
  29  4:20  Baneling  
  29  4:23  Overlord  
  28  4:45  Baneling  
  28  5:02  Baneling x2  
  22  5:38  Metabolic Boost  
  22  5:43  Drone x7  
  29  5:54  Zergling x4  
  31  6:00  Lair  
  31  6:02  Hatchery  
  21  6:19  Baneling x2  
  21  6:24  Zergling x4  
  21  6:25  Zergling x12  
  27  6:48  Baneling x2  
  27  6:52  Zergling x6  
  25  7:13  Zergling x2  
  25  7:14  Zergling x6  
  27  7:25  Baneling x3  
  27  7:29  Hatchery  
  26  7:36  Drone x6  
  32  7:54  Drone x2  
  33  8:08  Zergling x4  
  34  8:18  Zergling x14  
  40  8:20  Roach Warren  
  39  8:30  Zergling x4  
  39  8:46  Zergling x2  
  39  8:47  Zergling x8  
  29  8:58  Zergling x10  
  31  9:03  Roach  
  31  9:11  Roach x2  
  29  9:41  Drone x3  
  29  9:45  Baneling x5  
  32  9:57  Hatchery  
Show
View Real Time Build Order
Export as new Build Order

GuruGuju Zerg - Winner!

Build Orders: Pool First 

Get SALT Encoding   

  12  0:05  Drone  
  13  0:24  Spawning Pool  
  13  0:26  Drone  
  13  0:34  Overlord  
  13  0:41  Drone  
  14  1:07  Hatchery  
  14  1:11  Zergling x2  
  14  1:12  Zergling x2  
  14  1:16  Zergling x2  
  16  1:29  Queen  
  16  1:32  Zergling x2  
  19  1:40  Zergling x2  
  19  1:45  Zergling x2  
  19  1:46  Extractor  
  20  1:55  Zergling x2  
  21  2:07  Zergling x2  
  22  2:17  Overlord  
  22  2:19  Queen  
  24  2:27  Zergling x4  
  23  2:43  Zergling x6  
  23  2:51  Zergling x4  
  24  2:59  Zergling x6  
  27  3:13  Zergling x2  
  27  3:14  Zergling x4  
  30  3:21  Zergling x2  
  30  3:26  Drone  
  32  3:43  Zergling x2  
  32  3:44  Zergling x4  
  35  4:03  Drone  
  35  4:05  Overlord  
  36  4:13  Overlord  
  36  4:22  Metabolic Boost  
  36  4:30  Drone  
  37  4:31  Drone  
  38  4:50  Spine Crawler  
  37  4:53  Roach Warren  
  35  5:04  Spine Crawler  
  31  5:19  Drone  
  31  5:20  Drone x4  
  36  5:34  Drone x3  
  34  5:45  Drone x2  
  36  5:52  Drone  
  36  5:54  Drone  
  38  6:00  Drone  
  38  6:02  Drone  
  31  6:22  Zergling x12  
  37  6:31  Drone x3  
  40  7:00  Roach x6  
  52  7:01  Overlord  
  52  7:03  Overlord  
  41  7:25  Lair  
  41  7:28  Roach  
  41  7:29  Roach x4  
  51  7:37  Drone  
  52  7:38  Drone x3  
  56  7:44  Drone x2  
  57  7:52  Evolution Chamber  
  57  7:54  Drone  
  57  7:55  Drone  
  57  7:56  Evolution Chamber  
  57  7:57  Drone  
  58  8:18  Roach  
  58  8:19  Roach x3  
  66  8:20  Overlord x2  
  66  8:23  Zerg Missile Weapons Level 1  
  66  8:26  Drone  
  65  9:06  Roach x4  
  65  9:07  Roach  
  65  9:08  Zergling x2  
  65  9:09  Zergling x12  
  82  9:44  Zergling x2  
  82  9:45  Zergling x2  
  84  9:46  Overlord x3  
  84  9:47  Overlord  
  84  9:52  Extractor  
  83  9:53  Extractor  
  82  10:01  Extractor  
  82  10:03  Hatchery  
  72  10:18  Drone  
  72  10:19  Drone x5  
Tags
 
Add a new tag
Caveats
  • Supply blocks, unpowered buildings, or Contaminate may cause inaccurate times.
  • Supply counts are checked every 10 seconds.